Map: [ESL] Ancient Cistern

Players

YoungYakov

  • Race: Zerg Zerg
  • Spawn Location: 1:00

MaNa - Winner!

  • Race: Protoss Protoss
  • Spawn Location: 7:00

Event: ESL SC2 Masters 2023 Summer (Regionals)

VOD

Have the link to the VOD?

Description

Time

  • Played on: May 13, 2023, 11:29 a.m.
  • Length: 14:22

All games in this series

Show
View Real Time Build Order
Export as new Build Order

YoungYakov Zerg 

Build Orders: Hatch First 

Get SALT Encoding   

  12  0:00  Drone  
  13  0:13  Overlord  
  13  0:17  Drone  
  14  0:31  Drone x2  
  16  0:50  Hatchery  
  16  0:52  Drone  
  16  0:55  Drone  
  17  0:58  Drone  
  17  1:03  Extractor  
  17  1:14  Spawning Pool  
  17  1:17  Drone  
  17  1:20  Drone  
  18  1:29  Drone  
  19  1:40  Drone  
  20  1:50  Overlord  
  20  2:01  Queen  
  22  2:02  Queen  
  22  2:04  Zergling x2  
  22  2:05  Metabolic Boost  
  25  2:09  Zergling x2  
  25  2:13  Drone  
  28  2:15  Drone  
  28  2:22  Drone  
  29  2:23  Drone  
  30  2:33  Drone  
  31  2:42  Hatchery  
  31  2:44  Zergling x2  
  31  2:48  Queen  
  33  2:53  Overlord  
  33  2:56  Drone  
  33  2:58  Drone  
  35  3:04  Drone  
  36  3:11  Queen  
  38  3:13  Drone  
  38  3:14  Drone  
  38  3:15  Drone x2  
  38  3:19  Overlord  
  40  3:27  Drone x2  
  40  3:30  Drone  
  43  3:36  Drone  
  43  3:37  Drone  
  43  3:38  Drone  
  43  3:39  Queen  
  48  3:44  Zergling x4  
  50  3:54  Drone  
  53  4:00  Drone x3  
  53  4:01  Queen  
  58  4:04  Lair  
  58  4:07  Drone x2  
  58  4:10  Overlord  
  58  4:12  Spore Crawler  
  58  4:13  Drone  
  58  4:16  Spore Crawler  
  57  4:23  Drone  
  58  4:25  Overlord  
  58  4:26  Spore Crawler  
  58  4:30  Drone x4  
  61  4:34  Overlord  
  61  4:36  Overlord  
  61  4:40  Overlord  
  61  4:41  Extractor  
  61  4:45  Zergling x6  
  63  4:47  Drone  
  63  4:48  Drone x2  
  66  4:57  Drone x2  
  68  5:02  Nydus Network  
  68  5:07  Drone x4  
  71  5:08  Overseer  
  71  5:12  Drone x2  
  68  5:18  Drone  
  68  5:19  Queen x3  
  75  5:22  Zergling x4  
  75  5:26  Zergling x6  
  78  5:29  Zergling x2  
  78  5:30  Zergling x4  
  78  5:33  Zergling x4  
  83  5:36  Zergling x4  
  85  5:43  Nydus Canal  
  85  5:45  Zergling x8  
  85  5:48  Zergling x2  
  88  5:53  Zergling x4  
  90  6:02  Nydus Canal, Overlord x2  
  90  6:06  Overlord  
  90  6:08  Queen  
  90  6:09  Overlord x2, Baneling Nest  
  90  6:10  Queen  
  90  6:14  Overlord, Zergling x2  
  90  6:15  Overlord  
  88  6:21  Zergling x10  
  85  6:28  Zergling x8  
  85  6:30  Nydus Canal  
  85  6:31  Queen  
  87  6:36  Drone x3  
  90  6:43  Zergling x12  
  91  6:48  Drone  
  91  6:49  Drone x2  
  91  6:51  Roach Warren  
  91  6:53  Nydus Canal  
  92  6:57  Zergling x2  
  92  6:58  Zergling x6  
  94  7:04  Overlord  
  94  7:06  Extractor, Zergling x2  
  94  7:07  Queen  
  97  7:10  Baneling x5  
  97  7:11  Baneling  
  97  7:20  Drone x3  
  98  7:23  Baneling x3  
  98  7:30  Evolution Chamber  
  98  7:31  Glial Reconstitution  
  98  7:32  Roach x3  
  98  7:34  Zergling x2  
  98  7:35  Extractor, Zergling x2  
  104  7:37  Hatchery  
  104  7:43  Drone x4  
  104  7:44  Drone x2  
  109  7:46  Extractor  
  109  7:49  Drone x3, Overlord  
  109  7:51  Roach  
  113  7:54  Roach  
  115  7:58  Roach  
  115  7:59  Roach  
  115  8:01  Zerg Melee Weapons Level 1  
  115  8:04  Overlord  
  119  8:06  Overlord  
  119  8:07  Overlord  
  119  8:11  Roach x4  
  127  8:16  Overseer  
  127  8:19  Roach x3, Zergling x2  
  135  8:20  Zergling x2  
  135  8:27  Zergling x6  
  138  8:35  Roach x6  
  130  8:50  Roach x7  
  132  9:00  Nydus Canal  
  124  9:05  Roach  
  124  9:06  Roach x5  
  135  9:15  Nydus Canal  
  135  9:16  Roach x2  
  138  9:17  Zergling x6  
  137  9:29  Drone x2  
  139  9:32  Drone x4  
  140  9:45  Zergling x2, Ravager x3  
  141  9:46  Zergling x12  
  143  9:58  Roach x4  
  149  10:01  Queen  
  147  10:09  Drone x6, Queen  
  135  10:26  Roach  
  135  10:27  Roach x2  
  139  10:33  Drone  
  139  10:35  Hatchery  
  133  10:37  Roach x5  
  143  10:42  Zerg Missile Weapons Level 1  
  143  10:50  Nydus Canal  
  143  10:52  Ravager  
  143  10:54  Zergling x10  
  144  11:00  Zergling x6  
  138  11:06  Zergling x8  
  142  11:15  Baneling  
  142  11:16  Centrifugal Hooks, Baneling x5  
  142  11:18  Roach  
  142  11:19  Roach x3  
  147  11:39  Roach x9  
  162  11:44  Overlord x2  
  162  11:49  Overseer  
  162  12:03  Baneling x20  
  162  12:04  Zergling x6  
  162  12:05  Zergling x4  
  167  12:18  Zergling x22  
  174  12:26  Zergling x10  
  174  12:41  Roach x6  
  158  12:51  Drone x7  
  150  12:57  Queen  
  152  13:00  Zergling x6  
  148  13:09  Drone x3  
  148  13:11  Drone x2  
  148  13:12  Drone  
  154  13:16  Infestation Pit  
  154  13:17  Extractor  
  154  13:18  Extractor  
  151  13:21  Overseer  
  150  13:30  Drone x3  
  150  13:31  Drone x3  
  150  13:32  Drone x2  
  149  13:38  Drone x3  
  152  13:44  Drone x3  
  155  13:55  Zergling x14  
  162  13:58  Baneling x2  
Show
View Real Time Build Order
Export as new Build Order

MaNa Protoss - Winner!

Build Orders: 1 Gate Expand, Oracle Opening, Zealot Archon 

Get SALT Encoding   

  12  0:00  Probe  
  13  0:12  Probe  
  14  0:19  Pylon  
  14  0:24  Probe  
  15  0:37  Probe (Chrono Boost)  
  16  0:44  Gateway  
  16  0:46  Probe (Chrono Boost)  
  16  0:49  Assimilator  
  17  0:52  Probe (Chrono Boost)  
  18  1:04  Probe (Chrono Boost)  
  19  1:12  Probe (Chrono Boost)  
  19  1:18  Probe  
  21  1:29  Nexus  
  21  1:39  Cybernetics Core  
  21  1:42  Probe  
  22  1:47  Assimilator  
  22  1:53  Pylon  
  22  1:57  Probe  
  23  2:11  Probe  
  23  2:12  Adept (Chrono Boost)  
  26  2:17  Stargate  
  26  2:24  Probe, Warp Gate  
  27  2:35  Adept  
  27  2:36  Probe  
  30  2:41  Probe  
  31  2:48  Probe  
  32  2:53  Probe  
  33  2:59  Oracle (Chrono Boost)  
  33  3:00  Probe  
  33  3:05  Probe  
  38  3:06  Adept  
  38  3:12  Probe  
  41  3:16  Gateway  
  41  3:17  Probe  
  42  3:24  Probe  
  43  3:28  Pylon  
  43  3:29  Oracle  
  46  3:46  Probe (Chrono Boost)  
  46  3:47  Probe (Chrono Boost), Nexus  
  48  3:51  Pylon  
  48  3:58  Probe (Chrono Boost)  
  48  3:59  Probe (Chrono Boost)  
  50  4:05  Probe x2 (Chrono Boost)  
  50  4:09  Twilight Council  
  52  4:10  Forge  
  52  4:14  Assimilator  
  52  4:16  Stalker  
  54  4:19  Assimilator  
  54  4:20  Probe (Chrono Boost)  
  56  4:28  Probe (Chrono Boost)  
  57  4:31  Probe (Chrono Boost)  
  57  4:32  Gateway  
  57  4:34  Protoss Ground Weapons Level 1  
  57  4:35  Gateway  
  57  4:36  Probe (Chrono Boost)  
  57  4:37  Probe (Chrono Boost)  
  59  4:43  Charge (Chrono Boost)  
  59  4:48  Probe  
  59  4:52  Probe  
  61  5:00  Zealot x2  
  61  5:01  Probe x2  
  61  5:04  Probe  
  68  5:13  Probe x2  
  70  5:16  Probe  
  70  5:20  Robotics Facility  
  69  5:25  Stalker  
  69  5:27  Probe  
  72  5:29  Zealot x2  
  72  5:33  Zealot  
  72  5:35  Pylon  
  77  5:37  Photon Cannon  
  77  5:51  Pylon  
  77  5:52  Probe  
  77  5:53  Probe  
  77  5:55  Zealot x3  
  83  5:57  Zealot  
  83  6:02  Shield Battery  
  85  6:09  Shield Battery  
  84  6:15  Zealot x3  
  84  6:17  Zealot  
  85  6:28  Probe  
  83  6:33  Probe x2  
  83  6:36  Zealot x3  
  83  6:38  Zealot  
  85  6:46  Pylon  
  85  6:49  Pylon, Zealot x2  
  85  6:51  Protoss Ground Weapons Level 2  
  84  6:58  Templar Archives  
  84  7:13  Pylon  
  84  7:14  Pylon  
  84  7:30  Warp Prism (Chrono Boost)  
  84  7:34  High Templar x2  
  84  7:35  High Templar x2  
  94  7:45  Pylon  
  94  7:46  Nexus  
  94  7:47  Photon Cannon  
  94  7:50  Archon x2  
  94  7:58  Nexus  
  94  8:01  Pylon  
  94  8:03  Probe x2  
  96  8:07  Zealot x3  
  101  8:15  Probe  
  101  8:18  Pylon  
  101  8:19  Probe  
  103  8:30  Zealot x2, Sentry  
  103  8:31  Probe  
  110  8:37  Probe  
  111  8:42  Immortal  
  111  8:43  Probe  
  111  8:47  Zealot  
  106  8:49  Probe  
  106  8:50  Zealot x3  
  106  8:53  Zealot  
  104  8:55  Probe  
  104  8:58  Probe  
  104  9:01  Probe  
  92  9:08  Probe  
  87  9:13  Zealot  
  87  9:14  Zealot x3  
  94  9:18  Immortal (Chrono Boost)  
  94  9:23  Probe x3  
  99  9:27  Pylon  
  99  9:29  Shield Battery  
  95  9:34  High Templar x4  
  95  9:35  Probe x2  
  95  9:36  Probe  
  106  9:45  Archon  
  104  9:51  Immortal (Chrono Boost)  
  98  10:09  High Templar x4  
  98  10:14  Archon x2  
  102  10:17  Probe x2  
  104  10:29  Nexus  
  104  10:31  Robotics Bay  
  102  10:43  Pylon, Sentry x3  
  102  10:44  Stalker  
  110  10:51  Pylon  
  110  10:55  Pylon  
  110  10:57  Probe x2  
  110  11:07  High Templar x2  
  110  11:10  Shield Battery  
  114  11:11  Archon  
  114  11:12  Shield Battery  
  114  11:17  Disruptor (Chrono Boost)  
  114  11:21  Nexus  
  115  11:37  Probe x2  
  115  11:38  Assimilator  
  115  11:44  Assimilator  
  115  11:46  Disruptor  
  114  11:49  Zealot x4  
  122  11:58  Gateway  
  122  12:02  Probe x2  
  122  12:04  Pylon  
  124  12:10  Gateway  
  124  12:17  High Templar x2  
  124  12:18  Zealot x2  
  128  12:23  Shield Battery  
  126  12:41  Archon  
  124  12:45  Stalker x2  
  124  12:51  Probe x3  
  125  12:56  Photon Cannon  
  125  12:57  Zealot x2  
  125  13:01  Photon Cannon  
  125  13:02  Probe  
  125  13:03  Probe x2  
  125  13:04  Shield Battery  
  128  13:05  High Templar  
  128  13:09  Photon Cannon  
  128  13:10  High Templar  
  132  13:16  Pylon, Zealot, Archon  
  133  13:22  Zealot x2  
  136  13:37  Zealot, Gateway  
  136  13:39  Gateway  
  138  13:41  Gateway  
  138  13:43  Zealot  
  138  13:44  Photon Cannon  
  140  13:50  Zealot x3  
  146  13:57  Assimilator  
  138  14:14  Zealot x5  
Tags
 
Add a new tag
Caveats
  • Supply blocks, unpowered buildings, or Contaminate may cause inaccurate times.
  • Supply counts are checked every 10 seconds.